 Dungeon Crawl Stone Soup version 0.31.0 (webtiles) character file.

Game seed: 3518636612289090644

57 Esekla the Sneak (level 4, -4/31 HPs)
             Began as an Octopode Delver on Jan 19, 2024.
             Was an Initiate of Gozag.
             Slain by a kobold brigand
             ... wielding a +0 short sword
              (5 damage)
             ... on level 5 of the Dungeon.
             The game lasted 00:03:40 (223 turns).

Esekla the Sneak (Octopode Delver)                   Turns: 223, Time: 00:03:41

Health: -4/31      AC: -3    Str: 11    XL:     4   Next: 0%
Magic:  3/5        EV: 13    Int: 14    God:    Gozag
Gold:   0          SH:  0    Dex: 13    Spells: 4/4 levels left

rFire   . . .        a - +0 falchion
rCold   . . .        (no shield)
rNeg    . . .        (helmet restricted)
rPois   .            (no amulet)
rElec   .            (no ring)
rCorr   .            (no ring)
SInv    .            (no ring)
Will    .....        (no ring)
Stlth   ++++         (no ring)
HPRegen 0.25/turn    (no ring)
MPRegen 0.09/turn    (no ring)
                     (no ring)

%: no passive effects
@: lethally poisoned (-4 -> -13), corroded, gold aura, hasted, very quick
A: almost no armour, amphibious, 8 rings, camouflage 1, gelatinous body 1,
(nimble swimmer 1), tentacles
a: Renounce Religion, Potion Petition, Call Merchant, Bribe Branch


You were on level 5 of the Dungeon.
You worshipped Gozag.
Gozag was noncommittal.
You visited 2 branches of the dungeon, and saw 2 of its levels.

You collected 5 gold pieces.
You paid 5 gold pieces to Gozag.

Inventory:

Hand Weapons
 a - a +0 falchion (weapon)
Wands
 f - a wand of digging (3)
Scrolls
 b - 2 scrolls of fog


   Skills:
 * Level 3.4 Fighting
 * Level 2.3 Long Blades
 * Level 2.3 Dodging
 + Level 7.4 Stealth
 * Level 0.8 Spellcasting


You had 4 spell levels left.
You didn't know any spells.
Your spell library was empty.

Dungeon Overview and Level Annotations

Branches:
Dungeon (5/15)             Temple (1/1) D:5

Altars:
Dithmenos
Elyvilon
Gozag
Kikubaaqudgha
Nemelex Xobeh
Qazlal
Sif Muna
Uskayaw
Xom
The Shining One

Annotations:
D:5 Edmund


Innate Abilities, Weirdness & Mutations

You cannot wear most types of armour.
You are amphibious.
You can wear up to eight rings at the same time.
Your skin changes colour to match your surroundings (Stealth+).
Your rubbery body absorbs attacks. (AC +1, EV +1)
((You are camouflaged when in or above water. (Stealth+)))
You have tentacles for arms and can constrict up to eight enemies at once.


Message History

The kobold closely misses you.
The kobold brigand shouts!
You hit the kobold. Your grab misses the kobold.
Your squeeze misses the kobold.
The kobold is moderately wounded.
You constrict the kobold brigand. The kobold barely misses you.
You closely miss the kobold. You grab the kobold. You squeeze the kobold.
You kill the kobold!
You constrict the kobold brigand.
Okay, then.
You aren't carrying any potions.
Unknown command.
You release your grip on the kobold brigand.
Found a robe.
The jelly closely misses you.
You hit the jelly.
Your tentacles burn!
The jelly is lightly wounded.
The jelly completely misses you.
You slash the jelly!
Your tentacles burn!
Your squeeze misses the jelly.
The jelly is heavily wounded.
The kobold brigand is no longer distracted by gold.
The jelly hits you. The acid corrodes you!
You are splashed with acid!
* * * LOW HITPOINT WARNING * * *
You aren't carrying any potions.
Unknown command.
You hit the jelly.
Your tentacles burn!
* * * LOW HITPOINT WARNING * * *
You squeeze the jelly.
You kill the jelly!
The kobold brigand throws a poisoned dart.
The poisoned dart hits you!
You are lethally poisoned!
You have reached level 4!
You aren't carrying any potions.
Unknown command.
* * * LOW HITPOINT WARNING * * *
You feel sick.
The kobold brigand hits you with a +0 short sword.
You die...
Your body crumbles into a pile of gold.

***** #..#*,***####.##.#*
#..#,,,,,,.....#.#
#..##########..#.#####
****#######....................#
*,,,#........###########.#.###.##
*,,,#........#############.##....
*,,,#.........##........[.@##.[..
*,,,#.......#.##.############....
*,,,######.....#@#....# #....
*,,,*#####.#.#.#K$....# #....
*,,,,..........K##.#######**#....
*,,,**#...#.8.#...........,*#....
*,,,*...#.......#...####..,*#....
*,,,*,#...8.K.8...#.# *,,,*#....
**,**...#.......#J..# #...*#....
*,,,,...K.#.8.#.....# #...*#....
*,,*,......!....##..#*##...##....


You could see a kobold brigand and a kobold.

Vanquished Creatures
  A hound (D:5)
  A jelly (D:5)
  A kobold (D:5)
3 creatures vanquished.

Notes
Turn   | Place    | Note
-------+----------+-------------------------------------------
     0 | D:5      | Esekla the Octopode Delver began the quest for the Orb.
     0 | D:5      | Reached XP level 1. HP: 16/16 MP: 1/1
    36 | D:5      | Noticed a scorpion
    89 | D:5      | Noticed a phantom
    91 | D:5      | Noticed a hound
   104 | D:5      | Noticed a centaur
   137 | D:5      | Noticed Edmund
   154 | D:5      | Found a staircase to the Ecumenical Temple.
   154 | D:5      | Noticed a kobold brigand
   159 | D:5      | Noticed a hound
   160 | D:5      | Noticed a jelly
   166 | Temple   | Entered the Ecumenical Temple
   178 | Temple   | Became a worshipper of Gozag Ym Sagoz the Greedy
   209 | D:5      | Killed a hound
   210 | D:5      | Reached skill level 7 in Stealth
   210 | D:5      | Reached XP level 2. HP: 18/21 MP: 2/2
   210 | D:5      | Reached XP level 3. HP: 23/26 MP: 3/3
   223 | D:5      | Reached XP level 4. HP: 2/31 MP: 3/5
   223 | D:5      | HP: 1/31 [poisoned by a kobold brigand]
   223 | D:5      | Slain by a kobold brigand

Illustrated notes

Levels and vault maps discovered:
D:5:      layout_basic, mainiacjoe_overflow_catch_the_wave,
          minmay_temple_entry_sparse_star, uniq_eustachio, uniq_edmund
Temple:   hellmonk_temple_rainy

Skill      XL: |  1 |
---------------+----+-----
Stealth        | 7 |  7.4
Fighting       | |  3.4
Long Blades    | |  2.3
Dodging        | |  2.3
Spellcasting   | |  0.8

Action                     |  1- 3 |  4- 6 || total
---------------------------+-------+-------++-------
  Melee: Falchion          |    14 |       ||    14
         Tentacles         |     3 |       ||     3
         Constrict         |     2 |       ||     2
    Use: Scroll            |     2 |       ||     2
         Potion            |     1 |       ||     1
 Armour: Skin              |     7 |     1 ||     8
  Dodge: Dodged            |    13 |       ||    13
